 Dungeon Crawl Stone Soup version 0.30-a0-170-g85af917532 (webtiles) character file.

Game seed: 2434205804776153391

224 KennySheep the Sneak (level 6, -4/38 HPs)
             Began as a Tengu Delver on Sept 30, 2022.
             Was a High Priest of Ignis.
             Slain by a gnoll
             ... wielding a +0 flail
              (6 damage)
             ... on level 3 of the Dungeon.
             The game lasted 00:07:37 (3164 turns).

KennySheep the Sneak (Tengu Delver)                 Turns: 3164, Time: 00:07:37

Health: -4/38      AC: 10    Str: 12    XL:     6   Next: 0%
Magic:  7/7        EV: 15    Int: 11    God:    Ignis [*****.]
Gold:   86         SH:  0    Dex: 17    Spells: 5/5 levels left

rFire   + . .      SeeInvis .    a - +0 falchion
rCold   . . .      Faith    .    (no shield)
rNeg    . . .      Spirit   .    b - +0 leather armour
rPois   .          Reflect  .    (helmet restricted)
rElec   .          Harm     .    (no cloak)
rCorr   .          Rampage  .    (no gloves)
Will    .....                    (boots unavailable)
Stlth   +++.......               (no amulet)
HPRegen 0.12/turn                (no ring)
MPRegen 0.10/turn                (no ring)

@: fiery-armoured, flying quickly and evasively, quick
A: beak, talons 3, nimble flight
a: Renounce Religion, Fiery Armour, Foxfire Swarm, Rising Flame


You were on level 3 of the Dungeon.
You worshipped Ignis.
Ignis was extremely pleased with you.
You visited 1 branch of the dungeon, and saw 5 of its levels.

You collected 128 gold pieces.
You spent 42 gold pieces at shops.

Inventory:

Hand Weapons
 a - a +0 falchion (weapon)
Armour
 b - a +0 leather armour (worn)
Jewellery
 o - a ring of wizardry
Wands
 g - a wand of digging (3)
 i - a wand of mindburst (10)
Scrolls
 c - a scroll of fog
 e - a scroll of fear
 j - a scroll of enchant armour {unknown}
 k - a scroll of poison {unknown}
Potions
 d - a potion of might {unknown}
 f - 2 potions of haste
 h - 2 potions of brilliance {unknown}
 l - 2 potions of heal wounds
 m - 3 potions of curing
 n - a potion of magic {unknown}
 p - 2 potions of attraction {unknown}


   Skills:
 + Level 3.9 Fighting
 * Level 4.5 Long Blades
 + Level 3.4 Dodging
 + Level 5.7 Stealth


You had 5 spell levels left.
You didn't know any spells.
Your spell library contained the following spells:

 Spells                   Type           Power      Damage    Failure   Level
 Kiss of Death            Conj/Necr      0%         2d5       41%         1
 Confusing Touch          Hex            0%         N/A       80%         3
 Dispel Undead            Necr           0%         3d6       99%         4


Dungeon Overview and Level Annotations

Branches:
Dungeon (5/15)
 Temple: D:4-7

Altars:
Dithmenos
Ignis

Shops:
D:2 ?![=


Innate Abilities, Weirdness & Mutations

You have a beak for a mouth.
You have claws for feet.
Your magical nature lets you fly swiftly and evasively.


Message History

A gnoll comes into view. It is wielding a +0 spear.
The gnoll shouts!
You hit the gnoll but do no damage. You claw the gnoll.
Your peck misses the gnoll.
The gnoll is lightly wounded.
The gnoll hits you with a +0 flail!
You slash the gnoll! You claw the gnoll.
You kill the gnoll!
A gnoll comes into view. It is wielding a +0 flail.
The gnoll throws a throwing net.
The throwing net closely misses you. The gnoll closely misses you.
Things that are here:
a +0 flail; a +0 whip The gnoll shouts!
You hit the gnoll but do no damage. The gnoll hits you with a +0 spear.
You barely miss the gnoll. You claw the gnoll.
The gnoll is heavily wounded.
The gnoll hits you with a +0 flail. The gnoll hits you with a +0 spear!
A protective cloak of flame settles atop you.
The gnoll barely misses you. The gnoll closely misses you.
You hit the gnoll. You claw the gnoll. You peck the gnoll, but do no damage.
The gnoll is almost dead.
The gnoll closely misses you. The gnoll barely misses you.
You hit the gnoll.
You kill the gnoll!
The gnoll barely misses you.
You have reached level 6!
You hit the gnoll. Your peck misses the gnoll.
The gnoll is heavily wounded.
The gnoll hits you with a +0 flail!
* * * LOW HITPOINT WARNING * * *
The gnoll is burned by your cloak of flames.
The gnoll is severely wounded.
You barely miss the gnoll. Your kick misses the gnoll.
The gnoll is severely wounded.
The gnoll closely misses you.
You hit the gnoll but do no damage. Your kick misses the gnoll.
The gnoll is severely wounded.
The gnoll hits you with a +0 flail.
You die...

......# #.#.#.# #..####..#
#.# ......#
#.#.#.#####........# #.#
#...#.# #.#...>.....#####.##
#.# ##.##.# #.###.####### #.
#.# #.##.# #.# #.# #. #.#
#....# #.# #.##### #. #.#
####.###.###.......g ). #.#
#..........g)##############.#
#.##.#######@##.............#
#.##.# #.##.#############
#####.##.# #.##.# ##### ####
......##.# #.##.# ##...###...
########.# #.##.###.###.##.##
#.# #.##.##.## ##.#.#. #.#
#(......# #.<.)# #.#
#.......## ##.#.#. #.#
#........###....##


You could see a gnoll.

Vanquished Creatures
  A steam dragon (D:3)
  3 gnolls (D:3)
  An adder (D:2)
  A worm (D:2)
  2 orcs (D:3)
  3 ball pythons
  An endoplasm (D:1)
  A giant cockroach (D:2)
  6 goblins
  6 hobgoblins
  5 jackals
  3 quokkas
  A bat (D:2)
  A frilled lizard (D:2)
  5 kobolds
  5 rats
45 creatures vanquished.

Vanquished Creatures (others)
  14 plants (D:2)
14 creatures vanquished.

Grand Total: 59 creatures vanquished

Notes
Turn   | Place    | Note
-------+----------+-------------------------------------------
     0 | D:5      | KennySheep the Tengu Delver began the quest for the Orb.
     0 | D:5      | Reached XP level 1. HP: 14/14 MP: 2/2
     8 | D:5      | Noticed a hound
    56 | D:5      | Noticed a hound
    56 | D:5      | Noticed a wight
   207 | D:4      | Noticed an orc wizard
   446 | D:3      | Reached XP level 2. HP: 18/19 MP: 3/3
   918 | D:2      | Found Ythaloip's Distillery.
   944 | D:2      | Bought a potion of curing for 42 gold pieces
   955 | D:2      | Found Emaikon's Armour Shop.
  1012 | D:2      | Found Jeilepor's Magic Scroll Shop.
  1286 | D:1      | Found a faded altar of an unknown god.
  1299 | D:1      | Prayed at the altar of an unknown god.
  1299 | D:1      | Became a worshipper of Ignis, the Dying Flame
  1447 | D:1      | Reached XP level 3. HP: 23/23 MP: 4/4
  2612 | D:2      | Found Middusma's Jewellery Emporium.
  2776 | D:3      | Found a shadowy altar of Dithmenos.
  2872 | D:3      | Reached XP level 4. HP: 28/28 MP: 5/5
  2975 | D:3      | Noticed a steam dragon
  2981 | D:3      | Killed a steam dragon
  2982 | D:3      | Gained mutation: Your magical nature lets you fly swiftly
                  | and evasively. [Tengu growth]
  2982 | D:3      | Reached XP level 5. HP: 28/33 MP: 6/6
  3162 | D:3      | Reached XP level 6. HP: 12/38 MP: 7/7
  3164 | D:3      | Slain by a gnoll

Illustrated notes

Levels and vault maps discovered:
D:1:      minmay_arrival_four_circles, layout_basic,
          chequers_ecumenical_altar_island, interstate_on_off,
          amcnicky_mini_corridor_feature, chequers_serial_rivers_micro_a
D:2:      wad_lake_hut, layout_loops_cross, serial_shops, nicolae_diamond_shop,
          shop, nicolae_shop_crystal, nicolae_shop_waterfront
D:3:      layout_loops_ring, nicolae_dithmenos_through_a_glass_darkly
D:4:      gammafunk_steamed_eel, layout_layer_cave, kennysheep_orc_sif_temple,
          serial_shops, nicolae_shop_statue_plus, shop
D:5:      minmay_chambers_of_fours, layout_loops_ring,
          minmay_temple_entry_drinking_statues, kennysheep_generic_room_2

Skill      XL: |  1  2  3  4 |
---------------+-------------+-----
Long Blades    | 3 4 |  4.5
Dodging        | 3 |  3.4
Fighting       | |  3.9
Stealth        | |  5.7

Action                   |  1- 3 |  4- 6 || total
-------------------------+-------+-------++-------
Melee: Falchion          |    87 |    19 ||   106
       Kick              |    21 |     6 ||    27
       Peck              |     8 |     3 ||    11
       Punch             |     1 |       ||     1
Invok: Fiery Armour      |       |     2 ||     2
  Use: Scroll            |     1 |       ||     1
       Potion            |     1 |       ||     1
 Stab: Sleeping          |     9 |     2 ||    11
Armor: Leather armour    |    18 |     4 ||    22
Dodge: Dodged            |    56 |    16 ||    72

Table legend: (Time is in decaauts)
 A = Elapsed time spent in this place.
 B = Non-inter-level travel time spent in this place.
 C = Inter-level travel time spent in this place.
 D = Time resting spent in this place.
 E = Time spent auto-exploring this place.
 F = Levels seen in this place.
 G = Mean time per level.
                   A        B        C        D        E       F      G
               +--------+--------+--------+--------+--------+-----+--------+
         Total |   3218 |   2628 |    590 |    277 |   1909 |   5 |  643.6 |
       Dungeon |   3218 |   2628 |    590 |    277 |   1909 |   5 |  643.6 |
               +--------+--------+--------+--------+--------+-----+--------+

Top non-repeatable levels by time:
     D:3: 1105 daAuts
     D:2: 988 daAuts
     D:1: 914 daAuts
     D:5: 189 daAuts
     D:4: 21 daAuts
